[Event "Wednesday Apr 18 Engine Tour 9 rd Swiss 12m+1s Starts at 1600hrs ST"]
[Site "Infinity Chess"]
[Date "2018.4.18"]
[Round "6"]
[White "star99"]
[Black "Seliga"]
[Result "1/2-1/2"]
[ECO "C24"]
[WhiteElo "2445"]
[BlackElo "2491"]
[WhiteEngine "Cryptic Heroes 9.4B"]
[BlackEngine "SF9 ''A5''_CTG"]
[EventType "Swiss"]
[WhiteTeam ""]
[BlackTeam ""]
[PlyCount "130"]
[TimeControl "720+1"]

1. e4 e5 2. Bc4 Nf6 3. d3 c6 4. Bb3 d5 5. Nf3 a5 6. a4 Bb4+ 7. c3 Bd6 
8. exd5 cxd5 9. Bg5 Be6 10. Na3 Nbd7 11. O-O O-O 12. Bh4 Ra6 13. Nb5 Bb8 
14. Nd2 Qc8 15. d4 Bg4 16. Qb1 e4 17. Re1 Be6 18. c4 dxc4 19. Bc2 Bd5 
20. Nxe4 Nxe4 21. Bxe4 Bxe4 22. Qxe4 Re6 23. Qc2 Nb6 24. Rxe6 Qxe6 25. Qd2 Nd5 
26. Bg3 b6 27. Re1 Qg6 28. Nc3 Qc6 29. Qd1 Bxg3 30. hxg3 Nxc3 31. bxc3 Rd8 
32. Re5 Kf8 33. Qh5 Re8 34. Rf5 Re1+ 35. Kh2 f6 36. Rb5 h6 37. Rb2 Kg8 
38. Qg6 Qe6 39. d5 Qd6 40. Qg4 Qxd5 41. Rxb6 Kh7 42. Rb5 Qd1 43. Qxd1 Rxd1 
44. Rxa5 Rd3 45. Kh3 Rxc3 46. Rc5 g5 47. f3 Kg6 48. g4 Rc2 49. Rc6 Rc3 
50. Kg3 Rc1 51. a5 Rc2 52. Rc7 c3 53. a6 Ra2 54. Rxc3 Rxa6 55. Rc2 Kf7 
56. Rc7+ Kg6 57. Rc5 h5 58. gxh5+ Kxh5 59. Rc7 Kg6 60. Rc3 Ra5 61. f4 Ra2 
62. fxg5 Ra6 63. gxf6 Rxf6 64. Kh4 Rf5 65. g4 Rb5 1/2-1/2

[Event "Wednesday Apr 18 Engine Tour 9 rd Swiss 12m+1s Starts at 1600hrs ST"]
[Site "Infinity Chess"]
[Date "2018.4.18"]
[Round "6"]
[White "Mr Aj"]
[Black "Marsell"]
[Result "1/2-1/2"]
[ECO "A06"]
[WhiteElo "2473"]
[BlackElo "2473"]
[WhiteEngine "Houdini 6"]
[BlackEngine "BrainFish_180408_x64_bmi2"]
[EventType "Swiss"]
[WhiteTeam ""]
[BlackTeam ""]
[PlyCount "123"]
[TimeControl "720+1"]

1. Nf3 d5 2. d4 Nf6 3. e3 e6 4. Bd3 b6 5. b3 Bd6 6. Nbd2 O-O 7. e4 dxe4 
8. Nxe4 Bb7 9. Nxd6 Qxd6 10. O-O Nbd7 11. Re1 Bxf3 12. Qxf3 Qxd4 13. Ba3 c5 
14. Rad1 Ne5 15. Bxh7+ Nxh7 16. Qg3 Qg4 17. Qxe5 Rfd8 18. f3 Qg6 19. Qe2 Qf6 
20. c4 Rxd1 21. Rxd1 Rd8 22. Rxd8+ Qxd8 23. Bb2 Nf8 24. g3 f6 25. f4 Qe8 
26. Qe4 Kf7 27. h4 Ng6 28. Bc3 Qd8 29. Qe2 Ne7 30. Qh5+ Kf8 31. Qf3 Kf7 
32. Qh5+ Kf8 33. Qe2 Kf7 34. Kf2 Qh8 35. h5 Qh6 36. Qf3 Qh7 37. g4 Qc2+ 
38. Kg3 Qxa2 39. g5 fxg5 40. fxg5+ Nf5+ 41. Kg4 Qxb3 42. g6+ Ke8 43. Qc6+ Ke7 
44. Qc7+ Ke8 45. Qc6+ Ke7 46. Qb7+ Kd6 47. Qb8+ Ke7 48. Qxa7+ Kd6 49. Qb8+ Kd7 
50. Qb7+ Kd8 51. Kg5 Qxc3 52. Qxb6+ Kd7 53. Qb7+ Ke8 54. Qa8+ Kd7 55. Qb7+ Ke8 
56. Qc6+ Ke7 57. Qb7+ Kd6 58. Qb8+ Ke7 59. Qa7+ Kd6 60. Qb8+ Ke7 61. Qa7+ Kd6 
62. Qb8+ 1/2-1/2

[Event "Wednesday Apr 18 Engine Tour 9 rd Swiss 12m+1s Starts at 1600hrs ST"]
[Site "Infinity Chess"]
[Date "2018.4.18"]
[Round "6"]
[White "SkyPilot"]
[Black "ivrdurant"]
[Result "1/2-1/2"]
[ECO "C55"]
[WhiteElo "2488"]
[BlackElo "2385"]
[WhiteEngine "stockfish_x64_bmi2_2018_04_07_CTG"]
[BlackEngine "Raubfisch X38b"]
[EventType "Swiss"]
[WhiteTeam ""]
[BlackTeam ""]
[PlyCount "57"]
[TimeControl "720+1"]

1. e4 e5 2. Nf3 Nc6 3. Bc4 Nf6 4. d3 Bc5 5. c3 d6 6. O-O a5 7. Re1 O-O 
8. Nbd2 Be6 9. Bb5 Ne7 10. d4 Ba7 11. Nf1 exd4 12. Nxd4 Ng6 13. Ba4 h6 
14. Be3 Bc8 15. Bc2 Re8 16. h3 Nxe4 17. Bxh6 d5 18. Be3 c6 19. a4 Qf6 
20. Ng3 Nh4 21. Bxe4 dxe4 22. Qh5 Re5 23. Qe2 Ng6 24. Rad1 Qh4 25. Qc4 Qf6 
26. Bc1 Qh4 27. Be3 Qf6 28. Qe2 Qh4 29. Qc4 1/2-1/2

[Event "Wednesday Apr 18 Engine Tour 9 rd Swiss 12m+1s Starts at 1600hrs ST"]
[Site "Infinity Chess"]
[Date "2018.4.18"]
[Round "5"]
[White "ludimilojko"]
[Black "ocirema"]
[Result "1/2-1/2"]
[ECO "C50"]
[WhiteElo "2298"]
[BlackElo "2444"]
[WhiteEngine "corchess_x64_CTG"]
[BlackEngine "asmFishW_2018-04-11_popcnt_CTG"]
[EventType "Swiss"]
[WhiteTeam ""]
[BlackTeam ""]
[PlyCount "135"]
[TimeControl "720+1"]

1. e4 e5 2. Nf3 Nc6 3. Bc4 Bc5 4. d3 Nf6 5. O-O d6 6. c3 O-O 7. Bg5 a5 8. a4 h6 
9. Bh4 g5 10. Bg3 Kg7 11. Na3 Ne7 12. Nc2 Bb6 13. Ne3 Ng6 14. Bb3 Bxe3 
15. fxe3 Nh5 16. Nxe5 dxe5 17. Qxh5 Qxd3 18. Qf3 Qa6 19. Bd5 f6 20. b4 Qd6 
21. Qe2 c6 22. Bc4 Be6 23. Rfd1 Bxc4 24. Qxc4 Qc7 25. Qb3 Nh8 26. bxa5 Rxa5 
27. c4 Nf7 28. c5 Qe7 29. Rdb1 Nd8 30. Be1 Ra8 31. Qb4 Rf7 32. Rb2 Ne6 
33. Rc1 Qe8 34. Rd2 Rd8 35. Rd6 h5 36. a5 h4 37. Qb2 Rxd6 38. cxd6 Qd7 
39. Rd1 Nc5 40. Qc2 Na6 41. Qd2 Qd8 42. d7 Nb8 43. Qb2 Rxd7 44. Qxb7 Rxb7 
45. Rxd8 Kf7 46. Kf2 Rb1 47. Ke2 Ke7 48. Rd1 Rb3 49. Ra1 Na6 50. Kf3 Rb2 
51. h3 c5 52. g3 hxg3 53. Kxg3 Rb5 54. Kf3 c4 55. Rc1 Rc5 56. h4 gxh4 
57. Bxh4 c3 58. Be1 c2 59. Ke2 Rc8 60. Bd2 Kd7 61. Kd3 Nc5+ 62. Kxc2 Nxe4+ 
63. Kd3 Nxd2 64. Rxc8 Kxc8 65. Kxd2 Kb7 66. e4 Ka6 67. Kd3 Kxa5 68. Kc4 1/2-1/2

[Event "Wednesday Apr 18 Engine Tour 9 rd Swiss 12m+1s Starts at 1600hrs ST"]
[Site "Infinity Chess"]
[Date "2018.4.18"]
[Round "5"]
[White "Deep_Impact"]
[Black "hafaba"]
[Result "0-1 "]
[ECO "C50"]
[WhiteElo "2393"]
[BlackElo "2456"]
[WhiteEngine "BrainFish_180411_x64_bmi2"]
[BlackEngine "Eman 1.70-beta21 64-bit POPCNT_CTG"]
[EventType "Swiss"]
[WhiteTeam ""]
[BlackTeam ""]
[PlyCount "170"]
[TimeControl "720+1"]

1. e4 e5 2. Nf3 Nc6 3. Bc4 Bc5 4. O-O Nf6 5. d3 d6 6. c3 O-O 7. Bg5 a5 8. a4 h6 
9. Bh4 g5 10. Bg3 Kg7 11. Na3 Ne7 12. Nc2 Bb6 13. Ne3 Ng6 14. Bb3 Bxe3 
15. fxe3 Nh5 16. Be1 g4 17. Nd2 Qg5 18. Qe2 f5 19. exf5 Bxf5 20. g3 e4 
21. d4 Ne7 22. c4 Nf6 23. Bc2 b6 24. Nb1 Nh7 25. d5 Kg8 26. Nc3 Qg6 27. Nb5 Rac8 
28. Kh1 Ng5 29. Rf4 Nh3 30. Qg2 Nxf4 31. gxf4 Bd7 32. Bxe4 Nf5 33. Nd4 Rce8 
34. Kg1 Rf7 35. Bxf5 Bxf5 36. Bf2 Be4 37. Qg3 Kf8 38. Qh4 Rf6 39. Rc1 Ke7 
40. Kf1 Bb1 41. Kg2 Be4+ 42. Kf1 Bb1 43. Kg2 Bd3 44. Rc3 Be4+ 45. Kf1 Bf3 
46. f5 Qg5 47. Qxg5 hxg5 48. Ne6 Rh8 49. Bg3 Rxf5 50. Ke1 Kd7 51. Kd2 Bg2 
52. Rc1 Be4 53. Ke2 Rf3 54. Kd2 Rh5 55. Ng7 Rxh2+ 56. Bxh2 Rf2+ 57. Kc3 Rxh2 
58. Rg1 Rc2+ 59. Kb3 Bd3 60. Rd1 Bg6 61. Rg1 Re2 62. Rg3 Ke7 63. Ne6 c5 
64. Nxg5 Kf6 65. Ne6 Be4 66. Rxg4 Rxe3+ 67. Ka2 Bc2 68. Rg1 Bxa4 69. Nf8 Bb3+ 
70. Kb1 Ke7 71. Ng6+ Kf7 72. Kc1 Bxc4 73. Nh4 Re5 74. Nf3 Re2 75. Nd2 Bxd5 
76. Nb1 Be4 77. Na3 d5 78. Rg5 Rh2 79. b3 Ke6 80. Nb5 Rc2+ 81. Kd1 Rb2 
82. Rg3 Bc2+ 83. Kd2 d4 84. b4 Be4+ 85. Kd1 Rxb4 0-1

[Event "Wednesday Apr 18 Engine Tour 9 rd Swiss 12m+1s Starts at 1600hrs ST"]
[Site "Infinity Chess"]
[Date "2018.4.18"]
[Round "5"]
[White "Seliga"]
[Black "MarioDeMonti"]
[Result "1-0"]
[ECO "E60"]
[WhiteElo "2477"]
[BlackElo "2430"]
[WhiteEngine "SF9 ''A5''_CTG"]
[BlackEngine "stockfish_x64_bmi2_2018_02_18_CTG"]
[EventType "Swiss"]
[WhiteTeam ""]
[BlackTeam ""]
[PlyCount "153"]
[TimeControl "720+1"]

1. d4 Nf6 2. c4 g6 3. Nf3 d6 4. Nc3 Bg7 5. g3 c6 6. Bg2 Nbd7 7. e4 O-O 8. h3 e5 
9. O-O Qb6 10. dxe5 Nxe5 11. b3 Nfd7 12. Na4 Qa5 13. Nxe5 dxe5 14. Bd2 Qc7 
15. Bb4 Re8 16. Bd6 Qa5 17. c5 Nf8 18. Nb2 Be6 19. Nd3 Nd7 20. Qc2 Qa3 
21. Qc3 a5 22. h4 Rad8 23. Rfc1 f6 24. Rc2 b5 25. Qe1 Ra8 26. f4 a4 27. Rb1 Bf8 
28. Bxf8 axb3 29. axb3 Rxf8 30. Qc3 Qa5 31. Nb4 exf4 32. gxf4 Qc7 33. Rf2 Ra3 
34. Qe3 Re8 35. Nc2 Ra2 36. Rd1 Rb2 37. b4 Rb3 38. Qd4 Bg4 39. Rdd2 Kg7 
40. Qa1 Nb8 41. Rd6 Qe7 42. Qe1 Rb2 43. Nd4 Rxf2 44. Qxf2 Kh8 45. Nxc6 Nxc6 
46. Rxc6 Rd8 47. Rb6 Be6 48. Kh2 Bc8 49. Qb2 Kg7 50. Rxb5 Rd1 51. c6 Qa7 
52. Rc5 Qe7 53. e5 f5 54. Qf2 Rd3 55. b5 Qa7 56. Rc2 Qxf2 57. Rxf2 Rb3 
58. Ra2 Be6 59. Ra7+ Kf8 60. Ra8+ Kf7 61. Rb8 Kg7 62. Rb7+ Kf8 63. c7 Rb2 
64. Rb8+ Kf7 65. b6 Kg7 66. b7 Bd5 67. c8=Q Rxg2+ 68. Kh3 Kh6 69. Qf8+ Kh5 
70. Qe7 Rh2+ 71. Kxh2 Kg4 72. Rd8 g5 73. Rxd5 h6 74. b8=Q gxf4 75. Qg8+ Kf3 
76. Qg2+ Ke3 77. Qa3# 1-0

[Event "Wednesday Apr 18 Engine Tour 9 rd Swiss 12m+1s Starts at 1600hrs ST"]
[Site "Infinity Chess"]
[Date "2018.4.18"]
[Round "5"]
[White "Time_bandit"]
[Black "angriff"]
[Result "1/2-1/2"]
[ECO "C65"]
[WhiteElo "2461"]
[BlackElo "2382"]
[WhiteEngine "asmFishW_2018-04-11_bmi2"]
[BlackEngine "DracoREX 3.07 64BIT POPCNT_CTG"]
[EventType "Swiss"]
[WhiteTeam ""]
[BlackTeam ""]
[PlyCount "91"]
[TimeControl "720+1"]

1. e4 e5 2. Nf3 Nc6 3. Bb5 Nf6 4. O-O Nxe4 5. d4 Nd6 6. Bxc6 dxc6 7. dxe5 Nf5 
8. Qxd8+ Kxd8 9. Nc3 Bd7 10. Rd1 Kc8 11. Ng5 Be8 12. Rd3 b6 13. a4 c5 14. Nf3 c4 
15. Rd1 a5 16. Bf4 Bc5 17. Ne4 Bc6 18. Re1 Re8 19. Nxc5 bxc5 20. g4 Nd4 
21. Nxd4 cxd4 22. e6 fxe6 23. Be5 Rd8 24. Red1 Rd5 25. f4 g5 26. Rxd4 Rxd4 
27. Bxd4 gxf4 28. Bf6 Kb7 29. Kf2 Re8 30. Re1 Bxa4 31. Re4 Bxc2 32. Rxc4 Bd1 
33. h3 a4 34. Rxf4 c5 35. Ke1 Bb3 36. g5 Kc6 37. Kd2 Rb8 38. h4 Rb4 
39. Rxb4 cxb4 40. h5 e5 41. Be7 Bf7 42. g6 hxg6 43. hxg6 Bxg6 44. Bxb4 Be4 
45. b3 a3 46. Bxa3 1/2-1/2

[Event "Wednesday Apr 18 Engine Tour 9 rd Swiss 12m+1s Starts at 1600hrs ST"]
[Site "Infinity Chess"]
[Date "2018.4.18"]
[Round "5"]
[White "Marsell"]
[Black "Thinker"]
[Result "1/2-1/2"]
[ECO "C53"]
[WhiteElo "2474"]
[BlackElo "2447"]
[WhiteEngine "BrainFish_180408_x64_bmi2"]
[BlackEngine "BrainFish_180411_x64_modern_CTG"]
[EventType "Swiss"]
[WhiteTeam ""]
[BlackTeam ""]
[PlyCount "144"]
[TimeControl "720+1"]

1. e4 e5 2. Nf3 Nc6 3. Bc4 Bc5 4. c3 Nf6 5. d3 d6 6. O-O O-O 7. h3 a6 8. Re1 Ba7 
9. Bb3 h6 10. Nbd2 Re8 11. Nf1 Be6 12. Bc2 d5 13. Qe2 b5 14. Bd2 Qd7 15. Ng3 d4 
16. a4 Bc5 17. Rec1 Qd6 18. Nh4 Ne7 19. Qe1 Bb6 20. Nf3 Nc6 21. Rab1 Red8 
22. b4 dxc3 23. Bxc3 Rac8 24. Qd2 Nh7 25. a5 Ba7 26. Ba1 f6 27. Nf5 Bxf5 
28. exf5 Nf8 29. Qe1 Kh8 30. Bd1 Qxd3 31. Bc2 Qd7 32. Be4 Ne7 33. Rd1 Qe8 
34. Rxd8 Rxd8 35. Rc1 c6 36. Bc3 Nh7 37. h4 Qh5 38. Qe2 Nf8 39. Qc2 Rd6 
40. Re1 Nd7 41. Rd1 Nd5 42. Be1 Kh7 43. Rc1 Nb8 44. g3 Nd7 45. Qd1 Qf7 
46. Qc2 Ne7 47. Bd2 Qg8 48. Rd1 Kh8 49. g4 Bd4 50. g5 Qc4 51. Qxc4 bxc4 
52. Rc1 hxg5 53. hxg5 g6 54. fxg6 f5 55. Bb1 Ba1 56. Ba2 c3 57. Bxc3 Bxc3 
58. Rxc3 Kg7 59. Nh4 Rd4 60. Rc4 Rd1+ 61. Kg2 e4 62. Rc2 Ne5 63. Bc4 f4 
64. Bxa6 f3+ 65. Kh2 Nd5 66. Bc8 Nxb4 67. Rb2 Ned3 68. Rb3 Rf1 69. Kg3 Rg1+ 
70. Kh2 Rf1 71. Kg3 Rg1+ 72. Kh2 Rf1 1/2-1/2

[Event "Wednesday Apr 18 Engine Tour 9 rd Swiss 12m+1s Starts at 1600hrs ST"]
[Site "Infinity Chess"]
[Date "2018.4.18"]
[Round "5"]
[White "ivrdurant"]
[Black "Mr Aj"]
[Result "1/2-1/2"]
[ECO "C42"]
[WhiteElo "2381"]
[BlackElo "2477"]
[WhiteEngine "Raubfisch X38b"]
[BlackEngine "Houdini 6"]
[EventType "Swiss"]
[WhiteTeam ""]
[BlackTeam ""]
[PlyCount "141"]
[TimeControl "720+1"]

1. e4 e5 2. Nf3 Nf6 3. Nxe5 d6 4. Nf3 Nxe4 5. d4 d5 6. Bd3 Bb4+ 7. c3 Bd6 
8. O-O O-O 9. Re1 Bf5 10. c4 c6 11. Qc2 Na6 12. a3 Bg6 13. c5 Bb8 14. Nc3 f5 
15. Ne2 Bh5 16. Ng3 Bg6 17. Bd2 Nc7 18. Qb3 Nxd2 19. Nxd2 a5 20. Nf3 f4 
21. Nf1 a4 22. Qd1 Bxd3 23. Qxd3 Qf6 24. N1d2 Nb5 25. Nb1 Bc7 26. Nc3 Ba5 
27. Kf1 Bxc3 28. bxc3 Qf5 29. Qd2 Rae8 30. Ne5 h5 31. f3 Re7 32. Kg1 Ra8 
33. Qb2 Rae8 34. h3 Ra8 35. Rac1 Qf6 36. Rb1 Re6 37. Qc1 g6 38. Kh1 Re7 
39. Rb4 Kg7 40. Kg1 Kg8 41. Qb2 Kg7 42. Kh2 Qh4 43. Re2 Qf6 44. Qc1 Ra6 
45. Kg1 Ra8 46. Rb1 Qg5 47. Rb4 Qf6 48. Qb2 Kh7 49. Kh2 Kg7 50. Rxb5 cxb5 
51. Qxb5 Qa6 52. Qb2 Rc8 53. Re1 Qf6 54. Qb4 g5 55. Rf1 Ra8 56. Kh1 Qe6 
57. Kh2 Qf6 58. Kh1 Qe6 59. Qb1 Rc8 60. Re1 Qf6 61. Re2 Rcc7 62. Rb2 Rxe5 
63. dxe5 Qxe5 64. Rxb7 Rxb7 65. Qxb7+ Kf8 66. Kh2 Qe1 67. Qxd5 Qg3+ 68. Kg1 Qe1+ 
69. Kh2 Qg3+ 70. Kg1 Qe1+ 71. Kh2 1/2-1/2

[Event "Wednesday Apr 18 Engine Tour 9 rd Swiss 12m+1s Starts at 1600hrs ST"]
[Site "Infinity Chess"]
[Date "2018.4.18"]
[Round "5"]
[White "SkyPilot"]
[Black "star99"]
[Result "1/2-1/2"]
[ECO "C42"]
[WhiteElo "2490"]
[BlackElo "2443"]
[WhiteEngine "stockfish_x64_bmi2_2018_04_07_CTG"]
[BlackEngine "Cryptic Heroes 9.4B"]
[EventType "Swiss"]
[WhiteTeam ""]
[BlackTeam ""]
[PlyCount "145"]
[TimeControl "720+1"]

1. e4 e5 2. Nf3 Nf6 3. Nxe5 d6 4. Nf3 Nxe4 5. d4 d5 6. Bd3 Nc6 7. O-O Be7 
8. c4 Nf6 9. Nc3 dxc4 10. Bxc4 O-O 11. h3 h6 12. Be3 Bf5 13. Ne5 Nxe5 
14. dxe5 Nd7 15. Qh5 Nxe5 16. Bd5 Qd7 17. g4 Nxg4 18. hxg4 Bxg4 19. Qh2 c6 
20. Bb3 Rae8 21. Qg3 Bf6 22. Bc2 Be5 23. Bf4 Bxf4 24. Qxf4 Rd8 25. Ne4 Bh5 
26. Bb3 Qd4 27. Rfe1 a5 28. Rac1 Qxb2 29. Rc2 Qd4 30. Rc4 Qb2 31. Rc3 a4 
32. Bxa4 Bg6 33. Rb3 Qxa2 34. Rxb7 Rfe8 35. Bb3 Qa5 36. Re3 Kh8 37. Ng3 Qa1+ 
38. Kg2 Rxe3 39. Qxe3 Qf6 40. Bc4 Kh7 41. Rb6 Rd4 42. Be2 Rd6 43. Ra6 Qg5 
44. Qxg5 hxg5 45. Ra5 Rd5 46. Ra7 f5 47. Nf1 Re5 48. Bc4 Re4 49. Bb3 f4 
50. Bd1 Re1 51. Bf3 Bf5 52. Nh2 Kg6 53. Bg4 Be4+ 54. Bf3 Bxf3+ 55. Kxf3 Rh1 
56. Kg2 Rc1 57. Rc7 Rc3 58. Ng4 Rc5 59. Re7 Kh5 60. f3 Rc2+ 61. Kf1 Kg6 
62. Nf2 Rc1+ 63. Ke2 Rc2+ 64. Ke1 Rc3 65. Ke2 Rc2+ 66. Ke1 Rc3 67. Rc7 Rxf3 
68. Rxc6+ Kh5 69. Kf1 g4 70. Kg2 Re3 71. Rc7 g3 72. Rxg7 f3+ 73. Kxg3 1/2-1/2

[Event "Wednesday Apr 18 Engine Tour 9 rd Swiss 12m+1s Starts at 1600hrs ST"]
[Site "Infinity Chess"]
[Date "2018.4.18"]
[Round "4"]
[White "hafaba"]
[Black "CrapCleaner"]
[Result "1/2-1/2"]
[ECO "C77"]
[WhiteElo "2455"]
[BlackElo "2489"]
[WhiteEngine "Eman 1.70-beta21 64-bit POPCNT_CTG"]
[BlackEngine "Raubfisch X38b_CTG"]
[EventType "Swiss"]
[WhiteTeam ""]
[BlackTeam ""]
[PlyCount "79"]
[TimeControl "720+1"]

1. e4 e5 2. Nf3 Nc6 3. Bb5 a6 4. Ba4 Nf6 5. O-O Be7 6. Re1 b5 7. Bb3 O-O 
8. h3 Bb7 9. d3 d6 10. a3 Qd7 11. Nc3 Nd4 12. Nxd4 exd4 13. Ne2 c5 14. Bd2 a5 
15. Nf4 Bc6 16. Rc1 Rfe8 17. c3 dxc3 18. Bxc3 Bd8 19. Re3 b4 20. Bd2 Bb6 
21. Rg3 Bd8 22. Be3 Rc8 23. Bd2 Ra8 24. Be3 Rc8 25. axb4 axb4 26. Qf3 Kh8 
27. Qd1 Kg8 28. Qc2 Kh8 29. Bd2 Bb6 30. Be3 Re5 31. Ra1 Bb7 32. h4 h6 
33. Qc1 Kh7 34. Qd2 Qe7 35. Qd1 Rd8 36. Qc2 Nh5 37. Rh3 Nf6 38. Rg3 Nh5 
39. Rh3 Nf6 40. Rg3 1/2-1/2

[Event "Wednesday Apr 18 Engine Tour 9 rd Swiss 12m+1s Starts at 1600hrs ST"]
[Site "Infinity Chess"]
[Date "2018.4.18"]
[Round "4"]
[White "ocirema"]
[Black "Seliga"]
[Result "1/2-1/2"]
[ECO "C50"]
[WhiteElo "2443"]
[BlackElo "2478"]
[WhiteEngine "asmFishW_2018-04-11_popcnt_CTG"]
[BlackEngine "SF9 ''A5''_CTG"]
[EventType "Swiss"]
[WhiteTeam ""]
[BlackTeam ""]
[PlyCount "127"]
[TimeControl "720+1"]

1. e4 e5 2. Nf3 Nc6 3. Bc4 Bc5 4. O-O Nf6 5. d3 O-O 6. Re1 a6 7. Nbd2 d6 
8. c3 Na5 9. b4 Nxc4 10. bxc5 Nxd2 11. Bxd2 Bg4 12. cxd6 Qxd6 13. d4 Nd7 
14. h3 Bxf3 15. Qxf3 Nb6 16. Red1 Nc4 17. a4 Qc6 18. Be3 f5 19. d5 Qg6 
20. Rab1 b6 21. exf5 Rxf5 22. Qe2 Nxe3 23. Qxe3 Raf8 24. Rb2 h6 25. Qd3 Qf6 
26. Rdd2 a5 27. d6 cxd6 28. Qe3 Qh4 29. Rxd6 Qxa4 30. Rdxb6 Qf4 31. Qe1 Qc4 
32. Re2 Qc5 33. Rbb2 a4 34. Ra2 Ra8 35. Re3 a3 36. Qb1 Rf4 37. Qb7 Rfa4 
38. Qb3+ Kh7 39. c4 Qxc4 40. Qxc4 Rxc4 41. Rexa3 Rxa3 42. Rxa3 Rc1+ 43. Kh2 Rc2 
44. Kg3 Kg6 45. Ra6+ Kf5 46. Ra3 e4 47. f3 exf3 48. Kxf3 g5 49. g4+ Kf6 
50. Ra5 Rc3+ 51. Kf2 Rc2+ 52. Kf3 Kg7 53. Ra6 Rc3+ 54. Kf2 Rc2+ 55. Kf3 Rc3+ 
56. Ke2 Rxh3 57. Ra7+ Kf6 58. Ra6+ Ke5 59. Kf2 h5 60. Ra5+ Kd4 61. gxh5 Rxh5 
62. Kg3 Kc4 63. Ra1 g4 64. Rc1+ 1/2-1/2

[Event "Wednesday Apr 18 Engine Tour 9 rd Swiss 12m+1s Starts at 1600hrs ST"]
[Site "Infinity Chess"]
[Date "2018.4.18"]
[Round "4"]
[White "ivrdurant"]
[Black "ludimilojko"]
[Result "1-0"]
[ECO "C55"]
[WhiteElo "2367"]
[BlackElo "2312"]
[WhiteEngine "Raubfisch X38b"]
[BlackEngine "corchess_x64_CTG"]
[EventType "Swiss"]
[WhiteTeam ""]
[BlackTeam ""]
[PlyCount "101"]
[TimeControl "720+1"]

1. e4 e5 2. Nf3 Nc6 3. Bc4 Nf6 4. d3 Bc5 5. c3 d6 6. a4 a5 7. h3 h6 8. O-O O-O 
9. Re1 Be6 10. Nbd2 Bb6 11. Bxe6 fxe6 12. Nc4 Bc5 13. Be3 Bxe3 14. Rxe3 Qd7 
15. Re1 Qf7 16. Qb3 Rab8 17. Re3 Nh5 18. Kh2 b6 19. Rc1 d5 20. Ncd2 Rbd8 
21. g3 Nf6 22. Re2 Rd6 23. Qb5 Na7 24. Qa6 Nc6 25. Qb5 g5 26. Rce1 Nd7 
27. d4 exd4 28. e5 dxc3 29. exd6 Na7 30. Qd3 cxd2 31. Qxd2 Qxf3 32. Rxe6 Nc5 
33. Rxh6 Qxf2+ 34. Qxf2 Rxf2+ 35. Kg1 Rf7 36. Re8+ Kg7 37. Reh8 cxd6 
38. R6h7+ Kf6 39. Rxf7+ Kxf7 40. Rh7+ Kf6 41. Rxa7 d4 42. Kf2 Nd3+ 43. Ke2 Nxb2 
44. Ra8 Nxa4 45. Kd3 Ke5 46. Re8+ Kd5 47. h4 Nc5+ 48. Kc2 Ne4 49. h5 Nf6 
50. h6 a4 51. Re7 1-0

[Event "Wednesday Apr 18 Engine Tour 9 rd Swiss 12m+1s Starts at 1600hrs ST"]
[Site "Infinity Chess"]
[Date "2018.4.18"]
[Round "4"]
[White "angriff"]
[Black "Deep_Impact"]
[Result "1/2-1/2 "]
[ECO "C53"]
[WhiteElo "2382"]
[BlackElo "2393"]
[WhiteEngine "DracoREX 3.07 64BIT POPCNT_CTG"]
[BlackEngine "BrainFish_180411_x64_bmi2"]
[EventType "Swiss"]
[WhiteTeam ""]
[BlackTeam ""]
[PlyCount "130"]
[TimeControl "720+1"]

1. e4 e5 2. Nf3 Nc6 3. Bc4 Bc5 4. c3 Nf6 5. d3 d6 6. O-O a5 7. Bg5 Ba7 
8. Nbd2 h6 9. Bh4 Qe7 10. Bb5 g5 11. Bg3 O-O 12. Nc4 Nh5 13. Bxc6 bxc6 
14. Nxa5 Nxg3 15. hxg3 Bd7 16. Qd2 f6 17. Nc4 h5 18. Ne3 Qh7 19. Qe2 Kg7 
20. a4 h4 21. g4 Bxe3 22. Qxe3 c5 23. a5 Bxg4 24. Nd2 Rfb8 25. Rfb1 Kg6 
26. b4 Qd7 27. a6 cxb4 28. cxb4 Rb6 29. a7 Rb7 30. Nc4 Be6 31. Ra6 h3 
32. Rba1 Qh7 33. g3 Rxb4 34. Kh2 Rb7 35. Qf3 Qh5 36. Qe3 Kg7 37. R6a2 g4 
38. Ra6 Qe8 39. Na5 Rb5 40. Rc1 Qd8 41. Rc2 c5 42. Nc4 Qc8 43. Rca2 Bxc4 
44. dxc4 Rb2 45. Rxb2 Qxa6 46. Qe2 Qc8 47. Ra2 Qd7 48. Qd1 Rxa7 49. Rxa7 Qxa7 
50. Qxg4+ Kf7 51. Kxh3 Qa2 52. f3 Qxc4 53. Qd7+ Kg6 54. Qf5+ Kg7 55. Qd7+ Qf7 
56. Qxd6 c4 57. Qc6 Kg6 58. Kg2 Kh6 59. f4 exf4 60. gxf4 c3 61. f5 Qg7+ 
62. Kf3 Kh5 63. Qxc3 Qg4+ 64. Kf2 Qf4+ 65. Kg2 Qxe4+ 1/2-1/2

[Event "Wednesday Apr 18 Engine Tour 9 rd Swiss 12m+1s Starts at 1600hrs ST"]
[Site "Infinity Chess"]
[Date "2018.4.18"]
[Round "4"]
[White "Thinker"]
[Black "MarioDeMonti"]
[Result "1/2-1/2"]
[ECO "C55"]
[WhiteElo "2448"]
[BlackElo "2429"]
[WhiteEngine "BrainFish_180411_x64_modern_CTG"]
[BlackEngine "stockfish_x64_bmi2_2018_02_18_CTG"]
[EventType "Swiss"]
[WhiteTeam ""]
[BlackTeam ""]
[PlyCount "124"]
[TimeControl "720+1"]

1. e4 e5 2. Nf3 Nc6 3. Bc4 Nf6 4. d3 Bc5 5. c3 d6 6. O-O O-O 7. h3 a5 8. Nbd2 h6 
9. Re1 Be6 10. b3 Bb6 11. a4 d5 12. Bb5 Ne7 13. exd5 Nfxd5 14. Qc2 c6 
15. Bc4 Ng6 16. d4 Ndf4 17. dxe5 Nh4 18. Bf1 Bd5 19. Re4 Nfg6 20. Bc4 Re8 
21. g3 Qc8 22. Bxd5 Nxf3+ 23. Nxf3 cxd5 24. Rg4 Qc6 25. Nd4 Bxd4 26. Rxd4 Nxe5 
27. Kg2 Rab8 28. Bf4 b5 29. Ra2 bxa4 30. bxa4 Rb6 31. Bxe5 Rxe5 32. Rb2 Rxb2 
33. Qxb2 Kh7 34. Qc2+ g6 35. Qb2 Rf5 36. Qc2 Re5 37. Qb3 h5 38. Qb5 Qxc3 
39. Rxd5 Rxd5 40. Qxd5 Kg7 41. Qd7 Qc4 42. Qb5 Qe4+ 43. Kg1 Qe1+ 44. Kg2 h4 
45. gxh4 Qe4+ 46. Kg3 Qe1 47. Qb2+ Kh7 48. Qd4 Qe6 49. h5 gxh5 50. Qc5 Qb3+ 
51. Kg2 Qxa4 52. Qxh5+ Kg8 53. Qg5+ Kf8 54. Qd8+ Kg7 55. Qd5 f6 56. Kg3 Kg6 
57. h4 Qb4 58. f3 a4 59. Qg8+ Kf5 60. Qd5+ Kg6 61. Qg8+ Kf5 62. Qd5+ Kg6 1/2-1/2

[Event "Wednesday Apr 18 Engine Tour 9 rd Swiss 12m+1s Starts at 1600hrs ST"]
[Site "Infinity Chess"]
[Date "2018.4.18"]
[Round "4"]
[White "Time_bandit"]
[Black "Marsell"]
[Result "1/2-1/2"]
[ECO "C77"]
[WhiteElo "2460"]
[BlackElo "2475"]
[WhiteEngine "asmFishW_2018-04-11_bmi2"]
[BlackEngine "BrainFish_180408_x64_bmi2"]
[EventType "Swiss"]
[WhiteTeam ""]
[BlackTeam ""]
[PlyCount "121"]
[TimeControl "720+1"]

1. e4 e5 2. Nf3 Nc6 3. Bb5 a6 4. Ba4 Nf6 5. O-O Be7 6. Re1 b5 7. Bb3 O-O 
8. c3 d5 9. exd5 Nxd5 10. Nxe5 Nxe5 11. Rxe5 c6 12. d4 Bd6 13. Re1 Qh4 
14. g3 Qh3 15. Be3 Bg4 16. Qd3 Rae8 17. Nd2 Re6 18. a4 Qh5 19. axb5 axb5 
20. Nf1 Bf5 21. Qd2 Bh3 22. Bd1 Qg6 23. Bf3 Qf5 24. Qd1 h5 25. Ra6 Bc7 
26. Be2 Qe4 27. Bf3 Qf5 28. Bh1 Rf6 29. Qe2 h4 30. Bd2 Re6 31. Qf3 Rxe1 
32. Bxe1 Bf4 33. Qe4 Qd7 34. Ra1 Re8 35. Qd3 Qe6 36. b3 Bf5 37. Qd1 Qg6 
38. c4 bxc4 39. bxc4 Bc2 40. Qf3 Be4 41. Qd1 Nf6 42. Bxe4 Nxe4 43. Ra3 Ng5 
44. Rb3 f5 45. Ba5 Bb8 46. Bd2 Ne6 47. Bc3 Ng5 48. Rb7 hxg3 49. fxg3 Ne4 
50. Be1 Bf4 51. Bf2 Ra8 52. d5 Be5 53. dxc6 Qxc6 54. Rd7 Nxf2 55. Qd5+ Qxd5 
56. Rxd5 Ra2 57. Rxe5 Nh3+ 58. Kh1 Nf2+ 59. Kg1 Nh3+ 60. Kh1 Nf2+ 61. Kg1 
1/2-1/2

[Event "Wednesday Apr 18 Engine Tour 9 rd Swiss 12m+1s Starts at 1600hrs ST"]
[Site "Infinity Chess"]
[Date "2018.4.18"]
[Round "4"]
[White "Mr Aj"]
[Black "SkyPilot"]
[Result "1/2-1/2"]
[ECO "A06"]
[WhiteElo "2476"]
[BlackElo "2491"]
[WhiteEngine "Houdini 6"]
[BlackEngine "stockfish_x64_bmi2_2018_04_07_CTG"]
[EventType "Swiss"]
[WhiteTeam ""]
[BlackTeam ""]
[PlyCount "102"]
[TimeControl "720+1"]

1. Nf3 d5 2. d4 Nf6 3. c4 c6 4. Nc3 e6 5. Bg5 h6 6. Bxf6 Qxf6 7. e3 Nd7 
8. Be2 g6 9. O-O Bg7 10. e4 dxe4 11. Nxe4 Qf4 12. Qc2 f5 13. Ned2 c5 14. g3 Qc7 
15. Nh4 Bxd4 16. Nxg6 Rg8 17. Nh4 Nf6 18. Ndf3 Rxg3+ 19. hxg3 Qxg3+ 20. Ng2 Ng4 
21. Qd2 Bxf2+ 22. Rxf2 Qxf2+ 23. Kh1 Bd7 24. Ne5 O-O-O 25. Nxg4 fxg4 26. Rd1 h5 
27. b3 g3 28. Qd3 h4 29. Bg4 Kb8 30. Rd2 Bc8 31. Rxf2 Rxd3 32. Rf8 Rd2 
33. Nxh4 Kc7 34. Kg1 b5 35. cxb5 Rxa2 36. Rf6 Kb6 37. Bf3 Kxb5 38. Rg6 Kb4 
39. Rxg3 Rb2 40. Ng2 Rxb3 41. Rg4+ c4 42. Be2 Ba6 43. Kf2 Bb5 44. Ne1 a5 
45. Nc2+ Kc5 46. Nd4 a4 47. Nxb5 Rxb5 48. Rxc4+ Kd6 49. Rxa4 Rb2 50. Ke3 Rb3+ 
51. Kd4 Rg3 1/2-1/2